Map: Cactus Valley LE (Void)

Players

HeltEn - Winner!

  • Race: Terran Terran
  • Spawn Location: 11:00

FoolOfaTook

  • Race: Zerg Zerg
  • Spawn Location: 1:00

Event: WCS Austin 2017

VOD

Have the link to the VOD?

Description

Time

  • Played on: April 28, 2017, 2:13 p.m.
  • Length: 8:21

All games in this series

Show
View Real Time Build Order
Export as new Build Order

HeltEn Terran - Winner!

Build Orders: Reaper Expand, MMM Bio 

Get SALT Encoding   

  12  0:00  SCV  
  13  0:13  SCV  
  14  0:17  Supply Depot  
  14  0:25  SCV  
  15  0:39  SCV  
  15  0:40  Barracks  
  16  0:44  Refinery  
  16  0:51  SCV  
  17  1:03  SCV  
  18  1:15  SCV  
  19  1:28  Reaper, Orbital Command  
  20  1:42  Command Center  
  20  1:54  Barracks  
  20  1:56  SCV  
  20  2:00  Barracks Reactor  
  21  2:07  Refinery  
  21  2:09  SCV  
  22  2:15  Supply Depot  
  22  2:21  SCV  
  23  2:37  SCV  
  23  2:38  Factory  
  23  2:40  Marine x2  
  23  2:44  Barracks Tech Lab  
  26  2:50  SCV  
  27  2:55  Orbital Command  
  27  3:00  Marine x2  
  29  3:05  Stimpack  
  29  3:08  Marine  
  30  3:14  SCV  
  30  3:19  Marine x2  
  32  3:26  SCV  
  35  3:28  Marine  
  35  3:32  Starport  
  35  3:35  Factory Reactor  
  35  3:38  SCV  
  35  3:39  SCV  
  35  3:40  Marine  
  38  3:44  Marine  
  39  3:51  SCV x2  
  41  3:58  Marine  
  41  4:00  Marine  
  41  4:01  Supply Depot  
  42  4:04  Marine  
  42  4:07  SCV x2  
  45  4:16  Marine  
  46  4:22  Medivac x2, Marine x2  
  52  4:25  Supply Depot  
  52  4:26  Supply Depot  
  52  4:27  SCV x2  
  54  4:42  Barracks  
  54  4:47  Marine, SCV x2  
  54  4:50  Factory Tech Lab  
  57  4:54  Supply Depot  
  57  4:55  Supply Depot  
  57  5:01  Marine x2  
  59  5:08  Marine  
  59  5:11  Combat Shields  
  59  5:14  Siege Tank, SCV  
  63  5:15  SCV  
  63  5:20  Supply Depot x2  
  65  5:26  Marine x3  
  65  5:28  SCV x2  
  70  5:31  Barracks Reactor  
  70  5:34  Supply Depot  
  70  5:47  Marine x3  
  70  5:48  Siege Tank  
  71  5:55  Barracks, SCV x2  
  71  5:56  Barracks  
  73  5:59  Refinery  
  73  6:00  Refinery  
  73  6:07  SCV x2  
  75  6:11  Medivac x2  
  75  6:13  Marine x4  
  75  6:18  Marine  
  84  6:19  SCV  
  84  6:22  SCV  
  86  6:27  Supply Depot  
  86  6:30  Siege Tank  
  86  6:31  Marine, SCV  
  91  6:34  Marine x2  
  91  6:35  Marine  
  91  6:36  Marine  
  94  6:49  Marine  
  94  6:50  Barracks Reactor, Medivac x2  
  94  6:52  Marine x2  
  94  6:53  Barracks Reactor  
  101  6:55  SCV  
  101  6:57  Marine x2  
  104  7:05  Supply Depot  
  104  7:06  Siege Tank  
  107  7:11  Supply Depot, Marine  
  108  7:28  Marine x2  
  108  7:29  Marine x3  
  113  7:42  Marine  
  113  7:43  Marine x3  
  117  7:45  Medivac  
  117  7:46  Medivac, Marine x2  
  117  7:47  Marine x2  
  117  7:48  Marine  
  108  8:00  Marine  
  108  8:03  Command Center  
Show
View Real Time Build Order
Export as new Build Order

FoolOfaTook Zerg 

Build Orders: Hatch First, Muta Ling Bane 

Get SALT Encoding   

  12  0:04  Drone  
  13  0:13  Overlord  
  13  0:18  Drone  
  14  0:33  Drone x2  
  16  0:37  Drone  
  17  0:47  Drone  
  18  0:56  Hatchery  
  17  0:59  Drone  
  17  1:02  Extractor  
  17  1:13  Spawning Pool  
  17  1:16  Drone  
  17  1:20  Drone  
  18  1:30  Drone  
  19  1:41  Overlord  
  19  1:52  Drone  
  20  2:00  Queen  
  22  2:02  Zergling x2  
  22  2:06  Metabolic Boost  
  23  2:08  Zergling x2  
  23  2:13  Zergling x2  
  27  2:18  Drone  
  28  2:23  Drone, Spore Crawler  
  28  2:29  Queen  
  29  2:30  Drone  
  29  2:34  Drone  
  30  2:40  Overlord  
  30  2:46  Drone  
  31  2:52  Hatchery  
  31  2:54  Drone  
  31  3:01  Queen  
  31  3:04  Drone  
  34  3:07  Drone  
  34  3:11  Drone  
  36  3:13  Drone  
  36  3:16  Drone  
  36  3:17  Drone  
  36  3:19  Drone  
  40  3:23  Pneumatized Carapace  
  40  3:27  Drone  
  40  3:30  Overlord  
  41  3:34  Drone  
  41  3:37  Drone  
  43  3:43  Drone  
  43  3:51  Drone x4, Extractor  
  46  3:56  Drone  
  46  4:00  Zergling x2  
  48  4:04  Drone  
  48  4:05  Evolution Chamber  
  48  4:06  Queen, Evolution Chamber  
  48  4:07  Queen  
  51  4:11  Drone x2  
  51  4:12  Drone  
  51  4:14  Extractor  
  51  4:16  Drone x2  
  55  4:18  Drone  
  55  4:23  Overlord  
  56  4:27  Overlord  
  56  4:33  Zerg Ground Armor Level 1  
  56  4:36  Zerg Melee Weapons Level 1  
  56  4:37  Zergling x2  
  57  4:48  Zergling x2  
  57  4:49  Zergling x14  
  65  4:54  Lair  
  65  4:56  Zergling x2  
  65  4:57  Extractor  
  65  4:58  Zergling x2  
  65  4:59  Zergling x2  
  67  5:06  Zergling x2  
  68  5:07  Zergling x8  
  68  5:12  Drone, Baneling Nest  
  72  5:15  Overlord  
  72  5:18  Drone x2  
  74  5:32  Overlord  
  74  5:33  Overlord  
  74  5:34  Drone  
  75  5:36  Drone x5  
  75  5:38  Zergling x4  
  76  5:45  Zergling x2  
  76  5:46  Zergling x4  
  72  6:00  Drone x2  
  72  6:01  Drone x2  
  72  6:02  Zergling x6, Spire  
  78  6:08  Drone x2  
  78  6:09  Baneling x5  
  78  6:10  Baneling x2  
  78  6:13  Zergling x4  
  78  6:14  Drone  
  81  6:19  Centrifical Hooks  
  81  6:22  Drone x2  
  84  6:25  Drone x2  
  85  6:37  Drone x2  
  87  6:40  Extractor x2  
  87  6:42  Drone  
  84  6:49  Queen  
  84  6:50  Drone x2  
  84  6:51  Drone  
  84  6:52  Drone x2  
  91  6:58  Overlord  
  91  6:59  Drone  
  91  7:00  Zergling x4  
  91  7:01  Zergling x6  
  97  7:05  Overlord  
  97  7:08  Overlord  
  97  7:20  Baneling x3  
  97  7:24  Zergling x12  
  97  7:25  Zergling x6  
  97  7:26  Mutalisk x2  
  109  7:30  Overlord x2  
  108  7:45  Overlord  
  99  7:54  Mutalisk x8  
  99  7:57  Zergling x4  
  94  8:03  Zergling x4  
  94  8:04  Hatchery  
Tags
 
Add a new tag
Caveats
  • Supply blocks, unpowered buildings, or Contaminate may cause inaccurate times.
  • Supply counts are checked every 10 seconds.